 Dungeon Crawl Stone Soup version 0.18-a0-373-gaf408bd (webtiles) character file.

19 Duffy the Conjurer (level 2, 0/17 HPs)
             Began as a High Elf Conjurer on Nov 29, 2015.
             Slain by a gnoll
             ... wielding a +0 flail
              (9 damage)
             ... on level 2 of the Dungeon.
             The game lasted 00:01:03 (1143 turns).

Duffy the Conjurer (High Elf Conjurer)              Turns: 1143, Time: 00:01:03

Health: 0/17       AC:  3    Str:  7    XL:     2   Next: 55%
Magic:  2/7        EV: 12    Int: 18    God:
Gold:   41         SH:  0    Dex: 15    Spells: 2 memorised, 4 levels left

rFire  . . .     SeeInvis .     (no weapon)
rCold  . . .     Clarity  .     a - +0 robe
rNeg   . . .     SustAt   .     (no shield)
rPois  .         Gourm    .     (no helmet)
rElec  .         Spirit   .     (no cloak)
rCorr  .         Warding  .     (no gloves)
rMut   .         Stasis   .     (no boots)
MR     .....                    (no amulet)
Stlth  ++........               (no ring)
                                h - +1 ring of protection

@: not resistant to hostile enchantments, unstealthy
A: no striking features
a: no special abilities


You were on level 2 of the Dungeon.
You were hungry.

You visited 1 branch of the dungeon, and saw 2 of its levels.

You collected 41 gold pieces.


   Skills:
 - Level 2.1 Dodging
 - Level 2.1 Stealth
 + Level 3.1 Spellcasting
 + Level 4.8 Conjurations


You had 4 spell levels left.
You knew the following spells:

 Your Spells              Type           Power        Failure   Level  Hunger
a - Magic Dart            Conj           ###.         1%          1    None
s - Searing Ray           Conj           ###...       3%          2    ##.....

Inventory:

Missiles
 i - 13 poisoned needles
Armour
 a - a +0 robe (worn)
Jewellery
 h - a +1 ring of protection (left hand)
Scrolls
 e - 2 scrolls of fear {unknown}
 f - 2 scrolls of random uselessness {unknown}
 j - 2 scrolls of identify {unknown}
 k - a scroll of recharging {unknown}
Potions
 d - 2 potions of haste {unknown}
 g - a potion of magic {unknown}
 l - a potion of brilliance {unknown}
 n - a potion of lignification {unknown}
Books
 b - a book of Conjurations
Comestibles
 c - 2 bread rations
 m - a slice of pizza

Dungeon Overview and Level Annotations

Branches:
Dungeon (2/15)

Altars:


Message History

There is a stone staircase leading up here.
You climb upwards.
There is a stone staircase leading down here.
You are feeling hungry.
Memorise Searing Ray, consuming 2 spell levels and leaving 4?
You start memorising the spell.
You continue memorising.
You continue memorising.
You finish memorising.
Spell assigned to 'b'.
Adjust (i)tems, (s)pells, or (a)bilities?
Adjust which spell? b - Searing Ray Adjust to which letter? s - Searing Ray Magic restored.
Done exploring.
You climb downwards.
The gnoll hits you with a flail.
There is a stone staircase leading up here.
Cast which spell? (? or * to list)
Aiming: Searing Ray
Press: ? - help, Shift-Dir - straight line, f - gnoll
Aim: a gnoll, wielding a flail and wearing a scale mail The searing ray hits the gnoll.
The gnoll is moderately wounded.
The gnoll closely misses you.
The searing ray hits the gnoll.
The gnoll is moderately wounded.
The gnoll hits you with a flail.
The searing ray hits the gnoll.
The gnoll is heavily wounded.
The gnoll barely misses you.
The searing ray hits the gnoll.
The gnoll is severely wounded.
The gnoll hits you with a flail!
Ouch! That really hurt!
You die...

#########
.........
#.......#
#.......#
#.......#
#.......####
.###........@.#
...........##g#
.###.......##.#
........#.###.#
.#####..#.# #.#
#..#<# #.#
#..#.###.####
#..#........#
#..#####.##.#


You could see a gnoll.

Action                   || total
-------------------------++-------
 Cast: Magic Dart        ||    37
       Searing Ray       ||     1

Notes
Turn   | Place    | Note
--------------------------------------------------------------
     0 | D:1      | Duffy the High Elf Conjurer began the quest for the Orb.
     0 | D:1      | Reached XP level 1. HP: 11/11 MP: 4/4
   583 | D:1      | Reached XP level 2. HP: 17/17 MP: 1/6
   692 | D:1      | Reached skill level 3 in Spellcasting
  1119 | D:1      | Learned a level 2 spell: Searing Ray
  1143 | D:2      | Slain by a gnoll

Vault maps used:
D:1:      grunt_arrival_crossed_arrows, minmay_misc_feat_enclosed,
          minmay_crystal_water, st_stairs_3
D:2:      ecumenical_altar_2, first_bread

Vanquished Creatures
  An ooze
  A bat
  A giant cockroach
  2 hobgoblins
  3 giant newts
  3 goblins
  4 kobolds
  2 rats
17 creatures vanquished.
